 Dungeon Crawl Stone Soup version 0.30-a0-920-g7493c07aab (webtiles) character file.

Game seed: 13292173506938142383

838 jasper the Thaumaturge (level 7, -2/40 HPs)
             Began as a Deep Elf Conjurer on Mar 21, 2023.
             Slain by Maggie
             ... wielding a +0 morningstar
              (10 damage)
             ... on level 7 of the Dungeon.
             The game lasted 00:06:04 (4375 turns).

jasper the Thaumaturge (Deep Elf Conjurer)          Turns: 4375, Time: 00:06:05

Health: -2/40      AC:  5    Str: 10    XL:     7   Next: 67%
Magic:  5/21       EV: 13    Int: 25    God:
Gold:   90         SH:  0    Dex: 13    Spells: 9/23 levels left

rFire   . . .      SeeInvis .    q - +0 long sword
rCold   . . .      Faith    .    (no shield)
rNeg    . . .      Spirit   .    a - +0 robe
rPois   .          Reflect  .    (no helmet)
rElec   .          Rampage  .    l - +0 cloak
rCorr   .                        x - +0 pair of gloves
Will    .....                    e - +0 pair of boots
Stlth   ++                       (no amulet)
HPRegen 0.26/turn                m - +6 ring of strength
MPRegen 0.17/turn                c - ring of flight

@: flying, mesmerised, hasted, very quick
A: no striking features
a: no special abilities


You were on level 7 of the Dungeon.
You visited 1 branch of the dungeon, and saw 5 of its levels.

You collected 221 gold pieces.
You spent 131 gold pieces at shops.

Inventory:

Hand Weapons
 p - a +1 short sword of holy wrath
 q - a +0 long sword (weapon)
 u - a -2 hand crossbow
 v - a -1 quick blade
Missiles
 i - 5 javelins
 o - 2 throwing nets
Armour
 a - a +0 robe (worn)
 e - a +0 pair of boots (worn)
 l - a +0 cloak (worn)
 x - a +0 pair of gloves (worn)
Magical Staves
 f - a staff of air
Jewellery
 c - a ring of flight (right hand)
 m - a +6 ring of strength (left hand)
Wands
 g - a wand of mindburst (3)
 w - a wand of digging (6)
Scrolls
 t - a scroll of poison
Potions
 b - a potion of magic
 d - a potion of mutation
 j - a potion of attraction
 n - 3 potions of degeneration {unknown}
 r - a potion of lignification {unknown}
 s - a potion of flight {unknown}


   Skills:
 + Level 2.3 Fighting
 + Level 4.2 Dodging
 - Level 2.4 Stealth
 * Level 8.5 Spellcasting
 - Level 5.0 Conjurations
 - Level 3.0 Hexes
 + Level 2.8 Translocations


You had 9 spell levels left.
You knew the following spells:

 Your Spells              Type           Power      Damage    Failure   Level
a - Magic Dart            Conj           100%       1d8       1%          1
b - Searing Ray           Conj           70%        2d7       1%          2
c - Dazzling Flash        Conj/Hex       60%        N/A       3%          3
d - Fulminant Prism       Conj/Hex       15%        3d11      11%         4
e - Iskenderun's Mystic   Conj/Tloc      30%        2d8       12%         4

Your spell library contained the following spells:

 Spells                   Type           Power      Damage    Failure   Level
 Necrotise                Necr           40%        1d6       6%          1
 Vampiric Draining        Necr           10%        2d6       17%         3
 Agony                    Necr           10%        N/A       85%         5


Dungeon Overview and Level Annotations

Branches:
Dungeon (7/15)
 Temple: D:4-7

Altars:
Elyvilon
Kikubaaqudgha
Nemelex Xobeh
Qazlal
Yredelemnul

Shops:
D:3 =   D:7 *

Annotations:
D:7 Maggie


Message History

Casting: Dazzling Flash (dangerous; 3% risk of failure)
Confirm with . or Enter, or press ? or * to list all spells.
Aiming: Searing Ray (safe; 1% risk of failure)
Press: ? - help, Shift-Dir - straight line, f - Maggie
Aim: Maggie, wielding a +0 morningstar, wearing +0 swamp dragon scales and carrying a wand of iceblast (6) (heavily wounded, mesmerising, blind, 83% to hit)
The searing ray misses Maggie. (Press . to maintain the ray.)
You now have 9/21 mp.
The searing ray hits Maggie but does no damage.
Maggie is heavily wounded.
The searing ray misses the scorpion.
Maggie points at you and mumbles some strange words.
The bolt of fire misses you.
You now have 8/21 mp.
The searing ray hits Maggie but does no damage.
Maggie is heavily wounded.
Maggie is no longer blind.
Maggie gestures wildly while chanting.
Maggie draws you further into her thrall.
You now have 7/21 mp.
The searing ray hits the scorpion.
The scorpion is moderately wounded.
The searing ray hits Maggie.
Maggie is severely wounded.
You finish channelling your searing ray.
Casting: Searing Ray (safe; 1% risk of failure)
Confirm with . or Enter, or press ? or * to list all spells.
Aiming: Searing Ray (safe; 1% risk of failure)
Press: ? - help, Shift-Dir - straight line, f/p - Maggie
Aim: Maggie, wielding a +0 morningstar, wearing +0 swamp dragon scales and carrying a wand of iceblast (6) (severely wounded, mesmerising, 83% to hit)
The searing ray misses the scorpion.
The searing ray hits Maggie but does no damage.
Maggie is severely wounded. (Press . to maintain the ray.)
The scorpion stings you but does no damage.
You now have 5/21 mp.
It was a potion of haste.
You feel yourself speed up. The scorpion stings you.
* * * LOW HITPOINT WARNING * * *
Maggie hits you with a +0 morningstar!
You die...

#.....'..........<....>...
#.....#...................
#.....##..######.+###.####
.......##### #.........
.......#...# #.####.####
.......#...# #.##.....## ..
.......#..#####.#.......#...
.......#..###...#.......#.+#
.......#....#...@s.._.......
.......'....#...#@......#...
.......######...#.......#
................##...).##
...####.....>...####.####...
...#..#.....................
...'..#..........#..##..#...
...##########+####..##+#####
+#.....#...................#


You could see Maggie (mesmerising) and a scorpion.

Vanquished Creatures
  An ice beast (D:7)
  An ogre (D:7)
  A centaur (D:7)
  A scorpion (D:4)
  3 hounds (D:4)
  4 orc priests
  An iguana (D:4)
  A sleepcap (D:7)
  Natasha (twice) (D:3)
  3 orc wizards
  4 gnolls (D:3)
  2 adders (D:3)
  A white imp (D:7)
  2 worms (D:4)
  3 dart slugs
  9 orcs
  4 bats
  3 endoplasms
  2 giant cockroaches (D:3)
  7 goblins
  6 hobgoblins
  3 jackals (D:1)
  4 kobolds
  4 quokkas
  4 ball pythons
  A frilled lizard (D:1)
  8 rats
85 creatures vanquished.

Vanquished Creatures (others)
  4 fulminant prisms
  10 plants (D:4)
14 creatures vanquished.

Grand Total: 99 creatures vanquished

Notes
Turn   | Place    | Note
-------+----------+-------------------------------------------
     0 | D:1      | jasper the Deep Elf Conjurer began the quest for the Orb.
     0 | D:1      | Reached XP level 1. HP: 10/10 MP: 6/6
   370 | D:1      | Reached XP level 2. HP: 15/15 MP: 6/8
   406 | D:1      | Learned a level 2 spell: Searing Ray
   579 | D:1      | Reached skill level 4 in Spellcasting
  1188 | D:2      | Reached XP level 3. HP: 19/19 MP: 8/10
  1192 | D:2      | Learned a level 3 spell: Dazzling Flash
  1963 | D:3      | Reached skill level 5 in Spellcasting
  1963 | D:3      | Reached skill level 5 in Conjurations
  1963 | D:3      | Reached XP level 4. HP: 13/24 MP: 3/13
  1964 | D:3      | Reached skill level 6 in Spellcasting
  1969 | D:3      | Learned a level 4 spell: Fulminant Prism
  1974 | D:3      | Learned a level 4 spell: Iskenderun's Mystic Blast
  2123 | D:3      | Reached XP level 5. HP: 28/28 MP: 9/15
  2211 | D:3      | Found a stormy altar of Qazlal.
  2287 | D:3      | Found an ancient bone altar of Kikubaaqudgha.
  2410 | D:3      | Found Tumim's Jewellery Shoppe.
  2497 | D:3      | Noticed Natasha
  2502 | D:3      | Killed Natasha
  2578 | D:3      | Reached skill level 1 in Hexes
  2582 | D:3      | Reached skill level 1 in Translocations
  2842 | D:3      | Noticed Natasha
  2845 | D:3      | Killed Natasha
  2846 | D:3      | Reached skill level 7 in Spellcasting
  3022 | D:4      | Reached skill level 1 in Fighting
  3022 | D:4      | Reached XP level 6. HP: 32/34 MP: 12/18
  3579 | D:4      | Found a sparkling altar of Nemelex Xobeh.
  3613 | D:4      | Found a white marble altar of Elyvilon.
  3697 | D:4      | Reached XP level 7. HP: 32/39 MP: 12/20
  3790 | D:4      | You are sucked into a shaft and drop 3 floors!
  3900 | D:7      | Reached skill level 8 in Spellcasting
  4134 | D:7      | Found Diblac's Lightly-Used Armoury.
  4141 | D:7      | Bought a -2 hand crossbow for 1 gold piece
  4141 | D:7      | Bought a -1 quick blade for 130 gold pieces
  4269 | D:7      | Found a basalt altar of Yredelemnul.
  4355 | D:7      | Noticed Maggie
  4375 | D:7      | Slain by Maggie

Illustrated notes

Levels and vault maps discovered:
D:1:      minmay_arrival_loop, layout_basic, grunt_decor_arrowhead,
          corexii_hall_statues_x, serial_bayou_crossing
D:2:      layout_basic, nicolae_titane
D:3:      layout_loops_cross, nicolae_kikubaaqudgha_miasma_corner,
          grunt_qazlal_sundering, serial_shops,
          nicolae_shop_competitors_out_of_business, uniq_natasha
D:4:      minmay_goblin_kobold_castle, layout_loops_ring,
          nemelex_diamond_rough_becter, nicolae_elyvilon_temple_path, uniq_pikel
D:7:      layout_gridville, old_standard_altar, minmay_shop_damaged, uniq_maggie

Skill      XL: |  1  2  3  4  5  6  7 |
---------------+----------------------+-----
Spellcasting   | 4 5 6 7 8 |  8.5
Conjurations   | 5 |  5.0
Hexes          | 1 2 3 |  3.0
Translocations | 1 2 |  2.8
Fighting       | 1 2 |  2.3
Dodging        | 3 4 |  4.2
Stealth        | |  2.4

Action                     |  1- 3 |  4- 6 |  7- 9 || total
---------------------------+-------+-------+-------++-------
   Cast: Magic Dart        |    56 |    67 |    11 ||   134
         Searing Ray       |     3 |    15 |     6 ||    24
         Fulminant Prism   |       |     1 |     3 ||     4
         Dazzling Flash    |       |       |     1 ||     1
  Evoke: Wand              |       |       |     6 ||     6
    Use: Scroll            |     5 |     4 |     2 ||    11
         Potion            |       |     1 |     2 ||     3
 Armour: Robe              |       |     2 |     2 ||     4
  Dodge: Dodged            |     3 |     9 |     4 ||    16

Table legend: (Time is in decaauts)
 A = Elapsed time spent in this place.
 B = Non-inter-level travel time spent in this place.
 C = Inter-level travel time spent in this place.
 D = Time resting spent in this place.
 E = Time spent auto-exploring this place.
 F = Levels seen in this place.
 G = Mean time per level.
                   A        B        C        D        E       F      G
               +--------+--------+--------+--------+--------+-----+--------+
         Total |   4391 |   4268 |    123 |    275 |   3523 |   5 |  878.2 |
       Dungeon |   4391 |   4268 |    123 |    275 |   3523 |   5 |  878.2 |
               +--------+--------+--------+--------+--------+-----+--------+

Top non-repeatable levels by time:
     D:3: 1138 daAuts
     D:1: 1110 daAuts
     D:4: 783 daAuts
     D:2: 774 daAuts
     D:7: 584 daAuts
